Map: Odyssey LE

Players

eXile

  • Race: Zerg Zerg
  • League: Gold
  • Spawn Location: 11:00

Kiteshooter - Winner!

  • Race: Zerg Zerg
  • League: Platinum
  • Spawn Location: 5:00

VOD

Have the link to the VOD?

Description

Time

  • Played on: May 26, 2017, 6:38 p.m.
  • Length: 6:28
Show
View Real Time Build Order
Export as new Build Order

eXile Zerg 

Build Orders: Hatch First 

Get SALT Encoding   

  12  0:02  Drone  
  13  0:15  Overlord  
  13  0:23  Drone  
  14  0:34  Drone x2  
  16  0:39  Drone  
  17  0:54  Hatchery  
  16  0:58  Drone  
  16  1:01  Extractor  
  16  1:03  Drone  
  17  1:17  Spawning Pool  
  16  1:23  Drone x2  
  18  1:32  Overlord  
  18  1:53  Drone  
  19  2:06  Drone  
  19  2:07  Drone  
  21  2:09  Queen x2  
  21  2:10  Metabolic Boost  
  21  2:15  Zergling x2  
  26  2:17  Zergling x2  
  27  2:32  Drone, Baneling Nest  
  27  2:33  Drone  
  28  2:41  Drone x2  
  30  2:53  Drone x2  
  32  3:01  Evolution Chamber  
  31  3:23  Zergling x8  
  31  3:24  Zergling x2  
  31  3:26  Overlord  
  36  3:29  Zerg Melee Weapons Level 1  
  36  3:44  Overlord  
  36  3:46  Drone x5  
  43  3:53  Baneling  
  43  3:54  Baneling  
  43  3:55  Burrow  
  43  4:02  Extractor  
  40  4:04  Extractor  
  40  4:05  Extractor  
  38  4:18  Zergling x4  
  38  4:19  Zergling x8  
  45  4:24  Drone  
  46  5:02  Zergling x8  
  46  5:03  Zergling x4, Overlord x3  
  51  5:20  Zergling x4  
  51  5:21  Zergling x8  
  52  5:27  Roach Warren  
  48  5:38  Spine Crawler  
  47  5:53  Drone x5  
  44  6:11  Spine Crawler  
  44  6:13  Spine Crawler  
Show
View Real Time Build Order
Export as new Build Order

Kiteshooter Zerg - Winner!

Build Orders: Hatch First 

Get SALT Encoding   

  12  0:02  Drone  
  13  0:16  Overlord  
  13  0:18  Drone  
  14  0:34  Drone x2  
  16  0:38  Drone  
  17  0:54  Hatchery  
  17  0:56  Drone  
  17  1:09  Spawning Pool  
  16  1:12  Drone  
  16  1:15  Extractor  
  16  1:17  Drone  
  17  1:25  Drone  
  18  1:31  Drone  
  19  1:42  Drone  
  20  1:53  Overlord  
  20  1:56  Queen  
  22  2:06  Queen  
  24  2:08  Drone  
  24  2:09  Drone  
  24  2:15  Overlord  
  26  2:24  Zergling x2  
  27  2:31  Drone x2  
  29  2:39  Drone x2  
  29  2:43  Lair  
  31  2:50  Drone  
  31  2:51  Drone  
  33  2:58  Evolution Chamber  
  33  2:59  Evolution Chamber  
  31  3:06  Zergling x2  
  31  3:07  Drone x4  
  36  3:14  Drone x2  
  36  3:15  Roach Warren  
  36  3:22  Drone  
  36  3:23  Drone x3  
  40  3:30  Zerg Missile Weapons Level 1  
  41  3:34  Drone x2  
  41  3:35  Extractor  
  41  3:39  Drone, Extractor  
  41  3:44  Drone x3  
  44  3:51  Overlord  
  44  3:52  Overlord  
  44  4:14  Zerg Ground Armor Level 1  
  44  4:15  Glial Reconstitution  
  44  4:20  Drone  
  44  4:21  Drone  
  44  4:22  Drone x3  
  44  4:23  Drone  
  50  4:27  Extractor  
  50  4:28  Roach  
  50  4:29  Roach  
  52  4:36  Roach x3  
  52  4:37  Overlord x2  
  58  4:43  Overlord  
  58  4:48  Roach  
  60  4:56  Roach x2  
  60  4:57  Roach x2  
  68  5:07  Roach x4  
  64  5:31  Drone x7  
  71  5:40  Roach  
  71  5:41  Roach x2  
  77  5:49  Drone x2  
  79  5:59  Roach x2  
Tags
 
Add a new tag
Caveats
  • Supply blocks, unpowered buildings, or Contaminate may cause inaccurate times.
  • Supply counts are checked every 10 seconds.